Map: Acolyte LE

Players

Temujin

  • Race: Zerg Zerg
  • League: Platinum
  • Spawn Location: 7:00

EvOViRuS - Winner!

  • Race: Protoss Protoss
  • League: Platinum
  • Spawn Location: 1:00

VOD

Have the link to the VOD?

Description

Time

  • Played on: Sept. 3, 2017, 1:24 p.m.
  • Length: 7:55
Show
View Real Time Build Order
Export as new Build Order

Temujin Zerg 

Build Orders: Pool First 

Get SALT Encoding   

  12  0:01  Drone  
  13  0:12  Overlord  
  13  0:17  Drone  
  14  0:31  Drone x2  
  14  0:35  Drone  
  17  0:45  Drone  
  17  0:49  Spawning Pool  
  17  0:56  Drone  
  18  1:06  Drone  
  19  1:17  Drone  
  20  1:26  Hatchery  
  20  1:31  Overlord  
  19  1:35  Queen  
  19  1:39  Drone  
  22  1:56  Hatchery  
  21  2:02  Drone  
  21  2:03  Drone  
  23  2:12  Overlord  
  23  2:24  Drone  
  24  2:32  Drone  
  25  2:37  Extractor  
  25  2:38  Extractor  
  25  2:40  Drone  
  25  2:41  Queen  
  26  2:44  Drone  
  26  2:49  Drone  
  26  2:50  Drone x3  
  31  3:05  Drone  
  32  3:06  Drone  
  32  3:08  Drone, Queen  
  32  3:11  Drone x2  
  38  3:17  Baneling Nest  
  37  3:26  Drone x2  
  37  3:27  Drone x3  
  42  3:29  Drone  
  43  3:35  Lair  
  43  3:41  Overlord  
  43  3:44  Overlord  
  43  4:05  Drone x4  
  43  4:06  Drone x2  
  49  4:10  Drone x2  
  49  4:11  Drone x2  
  49  4:12  Drone  
  49  4:17  Drone x4  
  58  4:25  Drone x2  
  58  4:27  Overlord  
  58  4:28  Overlord x3  
  60  4:47  Spire  
  60  4:48  Centrifical Hooks  
  60  4:52  Zergling x2  
  60  4:53  Zergling x16  
  68  5:02  Zergling x2  
  69  5:07  Zergling x4  
  69  5:11  Overseer  
  71  5:17  Zergling x2  
  71  5:18  Zergling x8  
  71  5:21  Metabolic Boost  
  76  5:25  Zergling x4  
  78  5:31  Zergling x8  
  78  5:32  Zergling x6  
  85  5:35  Baneling  
  85  5:36  Baneling x5  
  85  5:37  Baneling  
  85  5:40  Zergling x2  
  85  5:41  Zergling x4  
  88  5:48  Drone  
  89  5:50  Drone  
  89  5:52  Drone  
  89  5:54  Drone  
  89  5:56  Zergling x4  
  94  6:06  Zergling x2  
  94  6:07  Zergling x6  
  98  6:16  Overlord x2  
  98  6:17  Overlord x5  
  98  6:20  Extractor  
  98  6:22  Extractor  
  96  6:26  Extractor  
  73  6:52  Zergling x8  
  73  6:53  Zergling x12  
  57  7:09  Corruptor  
  57  7:10  Corruptor  
  57  7:14  Baneling  
  57  7:15  Baneling x11  
  60  7:16  Baneling  
  60  7:19  Zergling x4  
Show
View Real Time Build Order
Export as new Build Order

EvOViRuS Protoss - Winner!

Build Orders: 1 Gate Expand 

Get SALT Encoding   

  12  0:01  Probe (Chrono Boost)  
  13  0:11  Probe (Chrono Boost)  
  14  0:19  Pylon  
  14  0:22  Probe (Chrono Boost)  
  15  0:37  Probe (Chrono Boost)  
  15  0:40  Gateway  
  16  0:47  Assimilator  
  16  0:48  Probe (Chrono Boost)  
  17  0:59  Probe (Chrono Boost)  
  18  1:10  Probe (Chrono Boost)  
  19  1:18  Pylon  
  19  1:28  Nexus  
  20  1:32  Probe (Chrono Boost)  
  20  1:40  Assimilator  
  20  1:52  Cybernetics Core  
  20  1:55  Probe (Chrono Boost)  
  21  2:05  Pylon  
  21  2:06  Probe (Chrono Boost)  
  22  2:20  Gateway  
  22  2:21  Warp Gate (Chrono Boost)  
  22  2:22  Probe (Chrono Boost)  
  23  2:33  Adept (Chrono Boost)  
  25  2:48  Robotics Facility  
  25  2:50  Probe  
  26  3:01  Twilight Council  
  26  3:04  Probe (Chrono Boost)  
  27  3:08  Probe (Chrono Boost)  
  28  3:20  Probe (Chrono Boost)  
  28  3:22  Probe (Chrono Boost)  
  28  3:25  Gateway  
  30  3:32  Gateway  
  30  3:44  Probe (Chrono Boost)  
  30  3:46  Probe (Chrono Boost)  
  30  3:47  Warp Prism (Chrono Boost)  
  34  3:51  Charge (Chrono Boost)  
  34  3:57  Probe x2 (Chrono Boost)  
  36  4:04  Gateway  
  36  4:15  Gateway  
  36  4:22  Immortal (Chrono Boost)  
  40  4:25  Gateway  
  40  4:31  Pylon  
  40  4:40  Zealot x3  
  46  4:46  Forge  
  46  4:59  Probe x2  
  48  5:00  Pylon  
  48  5:08  Zealot x3  
  48  5:10  Pylon  
  54  5:27  Pylon  
  54  5:29  Pylon  
  54  5:32  Protoss Ground Weapons Level 1 (Chrono Boost)  
  54  5:45  Zealot x4  
  54  5:46  Zealot  
  64  6:09  Zealot  
  64  6:10  Zealot x4  
  64  6:11  Zealot x2  
  76  6:42  Zealot  
  76  6:43  Zealot  
  76  6:44  Zealot x2  
  68  6:48  Zealot x2  
  68  6:49  Zealot  
  52  7:03  Zealot x2  
  52  7:04  Zealot  
  52  7:05  Zealot  
  60  7:08  Zealot  
  60  7:09  Zealot x2  
  60  7:18  Pylon  
  60  7:19  Pylon  
  60  7:21  Pylon  
  60  7:23  Pylon  
  60  7:24  Zealot  
  60  7:25  Zealot x2  
  60  7:26  Zealot x2  
  60  7:27  Zealot  
  62  7:41  Zealot  
  64  7:47  Zealot x2  
  64  7:48  Zealot x2  
  64  7:49  Zealot x2  
Tags
 
Add a new tag
Caveats
  • Supply blocks, unpowered buildings, or Contaminate may cause inaccurate times.
  • Supply counts are checked every 10 seconds.